 Dungeon Crawl Stone Soup version 0.30.1 (webtiles) character file.

Game seed: 16731630658478964846

212 Fodor the Slasher (level 5, -3/46 HPs)
             Began as a Minotaur Fighter on July 13, 2023.
             Slain by a gnoll
             ... wielding a +0 spear
              (7 damage)
             ... on level 4 of the Dungeon.
             The game lasted 00:12:30 (2774 turns).

Fodor the Slasher (Minotaur Fighter)                Turns: 2774, Time: 00:12:31

Health: -3/46      AC:  8    Str: 22    XL:     5   Next: 58%
Magic:  4/4        EV: 10    Int:  5    God:
Gold:   203        SH:  4    Dex: 10    Spells: 4/4 levels left

rFire   . . .        a - +0 long sword (spect)
rCold   . . .        c - +0 buckler
rNeg    . . .        b - +0 scale mail
rPois   .            (helmet restricted)
rElec   .            (no cloak)
rCorr   .            (no gloves)
SInv    .            h - +0 pair of boots
Will    .....        (no amulet) Stlth
                     (no ring)
HPRegen 0.27/turn    (no ring)
MPRegen 0.09/turn

%: no passive effects
@: mighty, about to teleport, hasted, invisible, very quick
A: horns 2, retaliatory headbutt
a: no special abilities


You were on level 4 of the Dungeon.
You visited 1 branch of the dungeon, and saw 4 of its levels.

You collected 203 gold pieces.

Inventory:

Hand Weapons
 a - a +0 spectral long sword (weapon)
 k - a +0 sling
Missiles
 j - 5 poisoned darts (quivered)
Armour
 b - a +0 scale mail (worn)
 c - a +0 buckler (worn)
 h - a +0 pair of boots (worn)
Scrolls
 e - 2 scrolls of brand weapon
 g - 2 scrolls of immolation {unknown}
 i - 2 scrolls of teleportation
 l - a scroll of fog {unknown}
 m - a scroll of poison {unknown}
 n - 3 scrolls of identify {unknown}
 o - 2 scrolls of noise {unknown}
 p - 2 scrolls of enchant weapon {unknown}
 r - a scroll of silence {unknown}
Potions
 d - a potion of might
 f - a potion of haste


   Skills:
 + Level 4.1 Fighting
 + Level 5.0 Long Blades
 + Level 1.0 Ranged Weapons
 + Level 4.7 Armour
 + Level 1.4 Dodging
 + Level 0.1 Stealth
 + Level 4.1 Shields


You had 4 spell levels left.
You didn't know any spells.
Your spell library contained the following spells:

 Spells                   Type           Power      Damage    Failure   Level
 Magic Dart               Conj           0%         1d3       86%         1
 Blink                    Tloc           0%         N/A       94%         2
 Call Imp                 Summ           0%         N/A       94%         2
 Lesser Beckoning         Tloc           0%         N/A       94%         2
 Momentum Strike          Conj/Tloc      0%         3d8       94%         2
 Mephitic Cloud           Conj/Pois/Air  0%         N/A       99%         3
 Manifold Assault         Tloc           0%         N/A       100%        4
 Storm Form               Tmut/Air       0%         N/A       100%        7


Dungeon Overview and Level Annotations

Branches:
Dungeon (4/15)
 Temple: D:4-7

Altars:


Innate Abilities, Weirdness & Mutations

You have a pair of horns on your head.
You reflexively headbutt those who attack you in melee.


Message History

The jelly is heavily wounded.
Your +0 spectral long sword hits the jelly.
Your +0 spectral long sword is burned by acid!
Your spectral weapon shares its damage with you!
The gnoll hits you with a +0 spear. The jelly hits you.
You are splashed with acid!
The jelly attacks as you move away! The jelly closely misses you.
Your +0 spectral long sword disappears.
The jelly attacks as you move away! The jelly barely misses you.
You furiously retaliate!
You headbutt the jelly. The jelly attacks as you move away! The jelly hits you.
You are splashed with acid!
* * * LOW HITPOINT WARNING * * *
The jelly jiggles.
The jelly attacks as you move away! You block the jelly's attack.
You slash the jelly!
You kill the jelly!
The gnoll closely misses you.
Your Long Blades skill increases to level 5!
The gnoll hits you from afar with a +0 spear.
* * * LOW HITPOINT WARNING * * *
The gnoll hits you but does no damage.
You barely miss the gnoll. You headbutt the gnoll.
The gnoll is heavily wounded.
Your +0 spectral long sword closely misses the gnoll.
The gnoll misses you.
The gnoll hits your +0 spectral long sword with a +0 spear.
Your spectral weapon shares its damage with you!
* * * LOW HITPOINT WARNING * * *
It was a potion of haste.
You feel yourself speed up.
Your +0 spectral long sword disappears.
You block the gnoll's attack. x2
It was a potion of invisibility.
You fade into invisibility!
The gnoll hits you but does no damage.
You feel very mighty all of a sudden.
As you read the scroll of teleportation, it crumbles to dust.
You feel strangely unstable. The gnoll hits you but does no damage.
The gnoll hits you with a +0 spear!
You die...

..........###
....... ...........
...... #........#
..... #.......# #..#
#.......####..#
#..........g..###.#.
#......g...)!.......
##..###g##g#........
##(..g@##.#..###.#.
#..##.##.#.g#
#..##.##.#..#
######..##..#....#
#...............##
...####....#####.#
#..#.# #<.#.#
...........#


You could see 3 gnolls.

Vanquished Creatures
  An orc priest (D:3)
  A jelly (D:4)
  An orc wizard (D:3)
  A gnoll (D:4)
  5 adders
  2 worms (D:2)
  A dart slug (D:3)
  7 orcs (D:3)
  2 endoplasms (D:2)
  4 giant cockroaches
  6 goblins
  6 hobgoblins
  6 jackals
  3 kobolds
  3 quokkas
  A ball python (D:2)
  3 bats
  4 frilled lizards
  3 rats
60 creatures vanquished.

Notes
Turn   | Place    | Note
-------+----------+-------------------------------------------
     0 | D:1      | Fodor the Minotaur Fighter began the quest for the Orb.
     0 | D:1      | Reached XP level 1. HP: 19/19 MP: 0/0
   257 | D:1      | Reached XP level 2. HP: 27/27 MP: 1/1
   844 | D:2      | Reached skill level 3 in Long Blades
   973 | D:2      | Reached skill level 1 in Ranged Weapons
   973 | D:2      | Reached XP level 3. HP: 33/33 MP: 2/2
  1573 | D:3      | Reached XP level 4. HP: 38/40 MP: 3/3
  1750 | D:3      | Reached skill level 4 in Long Blades
  1788 | D:3      | HP: 2/40 [something (4)]
  1795 | D:3      | Reached skill level 1 in Dodging
  1983 | D:3      | Reached XP level 5. HP: 45/46 MP: 4/4
  2769 | D:4      | Reached skill level 5 in Long Blades
  2774 | D:4      | Slain by a gnoll

Illustrated notes

Levels and vault maps discovered:
D:1:      minmay_arrival_pointy, layout_basic
D:2:      layout_basic
D:3:      layout_basic, serial_curves, eino_curves_02, eino_curves_01,
          eino_curves_02
D:4:      layout_basic, chequers_serial_rivers_micro_d

Skill      XL: |  1  2  3  4  5 |
---------------+----------------+-----
Armour         | 4 |  4.7
Fighting       | 4 |  4.1
Shields        | 4 |  4.1
Long Blades    | 3 4 5 |  5.0
Ranged Weapons | 1 |  1.0
Dodging        | 1 |  1.4
Stealth        | |  0.1

Action                     |  1- 3 |  4- 6 || total
---------------------------+-------+-------++-------
  Melee: Long sword        |    80 |    68 ||   148
         Headbutt          |    21 |     9 ||    30
   Fire: Sling             |     4 |       ||     4
  Throw: Dart              |       |     4 ||     4
    Use: Scroll            |     2 |     1 ||     3
         Potion            |       |     4 ||     4
 Armour: Scale mail        |    44 |    33 ||    77
  Dodge: Dodged            |    37 |    33 ||    70
  Block: Buckler           |    22 |    16 ||    38
